 Dungeon Crawl Stone Soup version 0.22-a0-307-g2b15929 (webtiles) character file.

961 Serpenta the Spear-Bearer (level 8, -7/39 HPs)
             Began as a Vine Stalker Chaos Knight on Apr 1, 2018.
             Killed from afar by a shock serpent (glowing shapeshifter) (17 damage)
             ... with a bolt of electricity
             ... on level 6 of the Dungeon.
             The game lasted 00:15:35 (4784 turns).

Serpenta the Spear-Bearer (VSCK)                    Turns: 4784, Time: 00:15:36

Health: -7/39      AC:  6    Str: 16 (17) XL:     8   Next: 15%
Magic:  0/18       EV:  6    Int: 11 (12) God:    Xom [.*....]
Gold:   325        SH: 11    Dex: 14      Spells: 7/7 levels left

rFire    . . .     SeeInvis .   t - +1 spear (flame)
rCold    . . .     Gourm    .   m - +0 large shield
rNeg     . . .     Faith    .   b - +2 leather armour
rPois    .         Spirit   +   (no helmet)
rElec    .         Reflect  .   (no cloak)
rCorr    .         Harm     .   i - +0 pair of gloves
MR       +....     Clarity  +   (no boots)
Stlth    +.........             (no amulet)
HPRegen  0.53/turn              f - ring of magical power
MPRegen  0.16/turn              u - ring of flight

@: lethally poisoned (-7 -> -17), about to teleport
A: fangs 3, hooves 2, clarity, deterioration 2, regeneration 1, magic shield,
antimagic bite, no potion heal 3, rot immunity
a: Renounce Religion, Evoke Flight


You were on level 6 of the Dungeon.
You worshipped Xom.
You were a plaything of Xom.
You were not hungry.

You visited 1 branch of the dungeon, and saw 6 of its levels.

You collected 325 gold pieces.


Innate Abilities, Weirdness & Mutations

You have razor-sharp teeth.
Your natural rate of healing is unusually fast.
When hurt, damage is shared between your health and your magic reserves.
Your bite disrupts and absorbs the magic of your enemies.
Potions cannot restore your health.
You are immune to rotting.
You have hoof-like feet.
You possess an exceptional clarity of mind.
Your body often deteriorates upon taking damage.


   Skills:
 - Level 2.6 Fighting
 + Level 8.8 Polearms
 - Level 1.5 Armour
 - Level 0.7 Dodging


You had 7 spell levels left.
You didn't know any spells.

Action                   |  1- 3 |  4- 6 |  7- 9 || total
-------------------------+-------+-------+-------++-------
Melee: Spear             |   100 |   178 |   142 ||   420
       Bite              |    16 |    37 |    29 ||    82
       Kick              |       |    18 |    42 ||    60
  Use: Scroll            |     2 |     4 |     5 ||    11
 Stab: Sleeping          |       |     6 |       ||     6
  Eat: Chunk             |     2 |     6 |     3 ||    11
       Ration            |       |       |     1 ||     1
Armor: Leather armour    |    25 |    25 |    32 ||    82
Dodge: Dodged            |    43 |    27 |    13 ||    83
Block: Large shield      |       |    26 |    36 ||    62

Inventory:

Hand Weapons
 a - a +0 spear of chaos
 r - a +0 trident
 t - a +1 spear of flaming (weapon)
Armour
 b - a +2 leather armour (worn)
 i - a +0 pair of gloves (worn)
 m - a +0 large shield (worn)
 o - a +0 chain mail
Jewellery
 f - a ring of magical power (left hand)
 u - a ring of flight (right hand)
Scrolls
 d - 4 scrolls of remove curse
 e - a scroll of enchant weapon {unknown}
 g - a scroll of fog
 h - a scroll of noise {unknown}
 j - 3 scrolls of teleportation
 k - a scroll of fear
 n - a scroll of immolation
 q - a scroll of amnesia {unknown}
 x - a scroll of blinking {unknown}
Potions
 l - a potion of might
 p - 2 potions of magic
 s - a potion of agility
 v - a potion of brilliance
 w - a potion of ambrosia
Comestibles
 c - 15 rations
 z - 7 chunks of flesh {@w1}

#..........#
#.........<#
#..........#
######.....## ###....##
####..#########.#
#...##....o..#
####)#....#######
######..S))@...#
##......#####.#.#
###..###### #.#.##
###)(.## #.#..###
...†#############....o..
...)..h..o.#.....###...
#####o..................
#.........(.....##....
#...............#


You could see a shock serpent shaped shifter and an orc warrior.

Vanquished Creatures
  A human (D:4)
  2 scorpions
  2 howler monkeys
  2 crimson imps
  4 orc wizards
  An orc priest (D:6)
  2 hounds (D:4)
  An iguana (D:6)
  2 worker ants (D:4)
  A hound skeleton (D:4)
  14 adders
  5 gnolls (D:4)
  An ooze (D:1)
  An adder zombie (D:5)
  A dart slug (D:3)
  2 leopard geckos
  17 orcs
  7 bats
  9 goblins
  11 hobgoblins
  5 jackals
  2 quokkas
  7 frilled lizards
  10 kobolds
  2 quokka skeletons (D:5)
  7 rats
119 creatures vanquished.

Vault maps used:
D:1:      scummos_arrival_gate
D:2:      nicolae_tso_swordbearing_angel
D:3:      lemuel_statue_altar
D:4:      corexii_shantytown, marbit_many_paths, old_standard_altar,
          hangedman_decor_diamond_cutter
D:5:      cheibrodos_helix_gallery, minmay_temple_entry_steel_oval,
          first_ration, serial_shops, shop
D:6:      serial_shops, shop, nicolae_water_bricks, item_on_display_a


Message History

You feel very sick. The wolf spider hits you!
Your body deteriorates!
You feel weakened. You block the wolf spider's attack.
You feel sick.
The shock serpent falls off the wall.
The wolf spider changes into a shock serpent!
Things that are here:
a dagger; a robe
* * * LOW HITPOINT WARNING * * *
You feel sick.
Things that are here:
a mace; an orc skeleton An orc warrior comes into view.
It is wielding a halberd of freezing.
* * * LOW HITPOINT WARNING * * *
You feel sick.
The orc warrior shouts!
The shock serpent shoots out a bolt of lightning at you!
The bolt of electricity hits you!
You die...
Xom roars with laughter!

Notes
Turn   | Place    | Note
-------+----------+-------------------------------------------
     0 | D:1      | Serpenta the Vine Stalker Chaos Knight began the quest for the Orb.
     0 | D:1      | Reached XP level 1. HP: 11/11 MP: 2/2
   250 | D:1      | Reached skill level 3 in Polearms
   291 | D:1      | Reached XP level 2. HP: 14/16 MP: 1/3
   352 | D:1      | XOM: divination: detect items
   748 | D:1      | XOM: divination: magic mapping
  1058 | D:2      | XOM: noise
  1058 | D:2      | XOM is BORED!
  1058 | D:2      | XOM: medium Tloc miscast
  1059 | D:2      | Noticed a spatial vortex
  1059 | D:2      | Noticed a spatial vortex
  1059 | D:2      | Noticed a spatial vortex
  1126 | D:2      | XOM: cast spell 'Summon Butterflies'
  1143 | D:2      | Reached XP level 3. HP: 18/19 MP: 4/4
  1259 | D:2      | Found a glowing golden altar of the Shining One.
  1349 | D:2      | Reached skill level 4 in Polearms
  1356 | D:1      | XOM: butterfly on damage
  1423 | D:1      | XOM: give mutation
  1423 | D:1      | Gained mutation: You possess an exceptional clarity of mind. [Xom's grace]
  1679 | D:2      | Gained mutation: Your natural rate of healing is unusually fast. [Vine Stalker growth]
  1679 | D:2      | Reached XP level 4. HP: 22/23 MP: 5/5
  2221 | D:3      | XOM: stealth player
  2285 | D:3      | Noticed an ogre
  2708 | D:4      | Reached skill level 5 in Polearms
  2708 | D:4      | Reached XP level 5. HP: 27/27 MP: 6/6
  2727 | D:4      | XOM: harmless Tmut miscast
  2831 | D:4      | Found an ancient bone altar of Kikubaaqudgha.
  2914 | D:4      | Reached XP level 6. HP: 31/32 MP: 7/7
  2979 | D:4      | Reached skill level 6 in Polearms
  3090 | D:4      | XOM: give mutations
  3090 | D:4      | Gained mutation: Your body sometimes deteriorates upon taking damage. [Xom's mischief]
  3090 | D:4      | Gained mutation: You have large cloven feet. [Xom's mischief]
  3090 | D:4      | Gained mutation: Your body often deteriorates upon taking damage. [Xom's mischief]
  3090 | D:4      | Gained mutation: You have hoof-like feet. [Xom's mischief]
  3091 | D:4      | XOM: potion effect (agility)
  3166 | D:4      | XOM: medium Chrm miscast
  3498 | D:4      | Noticed a human
  3498 | D:4      | an ogre changed into a human
  3498 | D:4      | XOM: polymorph ogre -> human
  3533 | D:4      | Killed a human
  3533 | D:4      | Reached skill level 7 in Polearms
  3533 | D:4      | Reached XP level 7. HP: 28/35 MP: 8/8
  3660 | D:4      | Found a burning altar of Makhleb.
  3729 | D:5      | Entered Level 5 of the Dungeon
  3733 | D:5      | XOM: chaos cloud
  3833 | D:5      | Reached skill level 8 in Polearms
  3845 | D:5      | Found a staircase to the Ecumenical Temple.
  3960 | D:5      | Found Sacwiaxuu's Book Boutique.
  4290 | D:5      | XOM is BORED!
  4534 | D:6      | XOM: polymorph worker ant -> adder
  4618 | D:6      | Gained mutation: You have razor-sharp teeth. [Vine Stalker growth]
  4618 | D:6      | Reached XP level 8. HP: 32/39 MP: 9/9
  4744 | D:6      | XOM: polymorph bullfrog -> tengu
  4774 | D:6      | Noticed a yaktaur
  4775 | D:6      | Noticed a spriggan
  4775 | D:6      | a yaktaur changed into a spriggan
  4778 | D:6      | Noticed a wolf spider
  4778 | D:6      | a spriggan changed into a wolf spider
  4782 | D:6      | Noticed a shock serpent
  4782 | D:6      | a wolf spider changed into a shock serpent
  4784 | D:6      | Killed from afar by a shock serpent (glowing shapeshifter)
